 Dungeon Crawl Stone Soup version 0.18-b1-10-g3f7de93 (webtiles) character file.

99 Alarkh the Grave Robber (level 4, 0/30 HPs)
             Began as a Mummy Necromancer on Apr 29, 2016.
             Slain by a worker ant (1 damage)
             ... on level 4 of the Dungeon.
             The game lasted 00:03:05 (1941 turns).

Alarkh the Grave Robber (Mummy Necromancer)         Turns: 1941, Time: 00:03:05

Health: 0/30       AC:  2    Str: 11    XL:     4   Next: 45%
Magic:  2/9        EV: 12    Int: 15    God:
Gold:   155        SH:  0    Dex: 12    Spells: 3 memorised, 1 level left

rFire  x . .     SeeInvis .     i - +0 hand axe
rCold  + . .     Gourm    .     g - +0 robe (curse)
rNeg   + + +     Faith    .     (no shield)
rPois  ∞         Spirit   .     (no helmet)
rElec  .         Dismiss  .     (no cloak)
rCorr  .         Reflect  .     (no gloves)
SustAt .         Harm     +     (no boots)
MR     .....                    k - amulet of harm
Stlth  ++........               (no ring)
                                (no ring)

@: very slightly contaminated, not resistant to hostile enchantments, unstealthy
A: no food or potions, fire vulnerability, cold resistance 1, negative energy
resistance 3, torment resistance, unbreathing
a: no special abilities


You were on level 4 of the Dungeon.
You were not hungry.

You visited 1 branch of the dungeon, and saw 4 of its levels.

You collected 155 gold pieces.

Inventory:

Hand Weapons
 i - a +0 hand axe (weapon)
Armour
 a - a +0 robe
 g - a cursed +0 robe (worn)
Jewellery
 k - an amulet of harm (around neck)
Scrolls
 c - a scroll of enchant weapon
 d - a scroll of enchant armour
 h - 3 scrolls of remove curse
 j - a scroll of blinking
 l - a scroll of teleportation {unknown}
Books
 b - a book of Necromancy

   Spells                             Type                      Level
   a - Pain                           Necromancy                   1
   b - Animate Skeleton               Necromancy                   1
   c - Vampiric Draining              Necromancy                   3
   d - Regeneration                   Charms/Necromancy            3
   e - Animate Dead                   Necromancy                   4
   f - Control Undead                 Necromancy                   4


   Skills:
 - Level 1.5 Dodging
 - Level 1.5 Stealth
 + Level 3.3 Spellcasting
 + Level 5.0 Necromancy


You had one spell level left.
You knew the following spells:

 Your Spells              Type           Power        Failure   Level  Hunger
a - Pain                  Necr           ###.         2%          1    N/A
b - Vampiric Draining     Necr           ###.......   10%         3    N/A
c - Control Undead        Necr           ###.......   28%         4    N/A

Dungeon Overview and Level Annotations

Branches:
Dungeon (4/15)
 Temple: D:4-7

Altars:
Ashenzari
Pakellas
Xom

Annotations:
D:3 Freud's ghost, amateur FoSk
D:4 solomonrf's ghost, amateur MiBe


Innate Abilities, Weirdness & Mutations

You do not eat or drink.
Your flesh is vulnerable to fire.
You are immune to poison.
Your flesh is cold resistant.
You are immune to negative energy.
You are immune to unholy pain and torment.
You can survive without breathing.


Message History

Aiming: Pain
Press: ? - help, Shift-Dir - straight line, f - worker ant
Aim: a worker ant (chance to defeat MR: 82%)
The worker ant convulses in agony!
The worker ant barely misses you.
Casting: Pain
Confirm with . or Enter, or press ? or * to list all spells.
Aiming: Pain
Press: ? - help, Shift-Dir - straight line, f/p - worker ant
Aim: a worker ant (lightly wounded, chance to defeat MR: 82%)
The worker ant convulses in agony!
The worker ant bites you.
* * * LOW HITPOINT WARNING * * *
Casting: Pain
Confirm with . or Enter, or press ? or * to list all spells.
Aiming: Pain
Press: ? - help, Shift-Dir - straight line, f/p - worker ant
Aim: a worker ant (lightly wounded, chance to defeat MR: 82%)
The worker ant convulses in agony!
The orc wizard gestures wildly while chanting.
The orc wizard seems to speed up.
The worker ant bites you.
You die...

************# # # # #
# # ############# #
#....@aoo...# #
#.#########.# ######
*,* #.#####....o *,*
#....##..o.. *,*
####.##..... *,*
#..o.....
*,***********####>....
*,**,,,,,,,,,,,,#.....
*,**,**********,#.....


You could see an orc warrior, a worker ant and an orc wizard.

Vanquished Creatures
  5 adders
  2 worms (D:2)
  2 giant geckos
  A ball python (D:1)
  3 giant cockroaches
  5 goblins
  8 hobgoblins
  4 kobolds
  2 quokkas (D:2)
  8 bats
  A giant newt (D:2)
  A rat (D:1)
42 creatures vanquished.

Notes
Turn   | Place    | Note
--------------------------------------------------------------
     0 | D:1      | Alarkh the Mummy Necromancer began the quest for the Orb.
     0 | D:1      | Reached XP level 1. HP: 13/13 MP: 3/3
   177 | D:1      | Reached XP level 2. HP: 11/19 MP: 1/5
   485 | D:1      | Found a shattered altar of Ashenzari.
   734 | D:1      | Reached XP level 3. HP: 6/24 MP: 0/7
  1336 | D:2      | Found a shimmering altar of Xom.
  1427 | D:2      | Reached XP level 4. HP: 30/30 MP: 2/8
  1579 | D:3      | Reached skill level 5 in Necromancy
  1805 | D:3      | Noticed Freud's ghost (amateur FoSk)
  1806 | D:3      | Found an oddly glowing altar of Pakellas.
  1817 | D:3      | Learned a level 3 spell: Vampiric Draining
  1822 | D:3      | Learned a level 4 spell: Control Undead
  1848 | D:4      | Noticed solomonrf's ghost (amateur MiBe)
  1912 | D:4      | Noticed an orc warrior
  1940 | D:4      | HP: 1/30 [worker ant (2)]
  1941 | D:4      | Slain by a worker ant

Skill      XL: |  1  2  3  4 |
---------------+-------------+-----
Spellcasting   | 3 |  3.3
Necromancy     | 5 |  5.0
Dodging        | |  1.5
Stealth        | |  1.5

Action                   |  1- 3 |  4- 6 || total
-------------------------+-------+-------++-------
Melee: Unarmed           |     1 |       ||     1
       Hand axe          |     3 |       ||     3
 Cast: Pain              |    79 |    22 ||   101
  Use: Scroll            |     1 |     5 ||     6
Armor: Robe              |     1 |     2 ||     3
Dodge: Dodged            |    13 |    12 ||    25
